 Dungeon Crawl Stone Soup version 0.30.0-29-ga12c61a403 (webtiles) character file.

Game seed: 7616574772410326521

239 ChiefBigBeans the Poker (level 5, -7/41 HPs)
             Began as a Demonspawn Gladiator on June 23, 2023.
             Killed by divine providence
             ... invoked by an orc priest
              (15 damage)
             ... on level 3 of the Dungeon.
             The game lasted 00:04:39 (1869 turns).

ChiefBigBeans the Poker (Demonspawn Gladiator)      Turns: 1869, Time: 00:04:40

Health: -7/41      AC:  6    Str: 16      XL:     5   Next: 79%
Magic:  0/5        EV: 12    Int: 16      God:
Gold:   107        SH:  0    Dex: 13 (14) Spells: 4/4 levels left

rFire   . . .        p - +0 scythe
rCold   . . .        (shield currently unavailable)
rNeg    . . .        g - +0 ring mail
rPois   .            (helmet restricted)
rElec   .            (no cloak)
rCorr   .            q - +0 pair of gloves
SInv    .            (no boots)
Will    +....        i - amulet of guardian spirit
Stlth   +            l - +6 ring of intelligence
HPRegen 0.26/turn    (no ring)
MPRegen 0.18/turn

%: guardian spirit
@: no status effects
A: magic shield, magic regeneration, magic link, fangs 1, horns 1, deterioration
1, strong-willed 1
a: no special abilities


You were on level 3 of the Dungeon.
You visited 1 branch of the dungeon, and saw 3 of its levels.

You collected 107 gold pieces.

Inventory:

Hand Weapons
 a - a +0 trident
 p - a +0 scythe (weapon)
Missiles
 d - 3 throwing nets (quivered)
 e - a javelin
Armour
 b - a +0 leather armour
 c - a +0 helmet
 g - a +0 ring mail (worn)
 q - a +0 pair of gloves (worn)
Jewellery
 i - an amulet of guardian spirit (around neck)
 k - the amulet of the Four Winds {rN+ Will+++ Clar}
   (You found it on level 2 of the Dungeon)

   [amulet of nothing]

   rN:        It protects you from negative energy.
   Clar:      It protects you from confusion, rage, mesmerisation and fear.
   Will:      It greatly increases your willpower.
 l - a +6 ring of intelligence (left hand)
Scrolls
 f - a scroll of identify
 j - 2 scrolls of immolation
Potions
 h - 2 potions of curing
 m - a potion of flight {unknown}


   Skills:
 + Level 3.4 Fighting
 + Level 3.8 Polearms
 - Level 1.7 Throwing
 + Level 2.3 Armour
 + Level 3.7 Dodging


You had 4 spell levels left.
You didn't know any spells.
Your spell library contained the following spells:

 Spells                   Type           Power      Damage    Failure   Level
 Apportation              Tloc           0%         N/A       43%         1
 Alistair's Intoxication  Tmut/Pois      0%         N/A       100%        5


Dungeon Overview and Level Annotations

Branches:
Dungeon (3/15)

Altars:


Innate Abilities, Weirdness & Mutations

When hurt, damage is shared between your health and your magic reserves.
You regenerate magic rapidly.
When low on magic, you restore magic in place of health.
You have very sharp teeth.
You have a pair of small horns on your head.
Your body sometimes deteriorates upon taking damage.
You are strong-willed. (Will+)


Message History

The orc priest shouts!
The orc shouts! x3; The orc priest shouts!
Found 71 gold pieces.
Found a roughly hewn altar of Beogh.
The orc hits you with a +0 short sword. The orc barely misses you.
The orc priest hits you with a +0 falchion!
The orc priest jeers repeatedly.
There is an open door, spattered with blood here.
The orc priest attacks as you move away!
The orc priest barely misses you.
You barely miss the orc. You headbutt the orc.
The orc is lightly wounded.
The orc closely misses you.
You puncture the orc!
You kill the orc!
You hit the orc. Your headbutt misses the orc.
The orc is heavily wounded.
You barely miss the orc.
The orc is heavily wounded.
The orc closely misses you. The orc priest closely misses you.
The orc misses you.
The orc priest calls down the wrath of Beogh upon you.
Beogh smites you! The orc priest misses you.
You closely miss the orc.
The orc is heavily wounded.
The orc priest misses you. The orc hits you with a +0 club.
You barely miss the orc priest. Your bite misses the orc priest.
The orc priest looks satisfied for a moment.
The orc hits you but does no damage. The orc priest barely misses you.
You barely miss the orc priest. The orc closely misses you.
The orc priest hits you with a +0 falchion.
The orc priest completely misses you. The orc hits you with a +0 club.
You slash the orc priest!
The orc priest is severely wounded.
The orc hits you but does no damage.
The orc priest mumbles some strange prayers to Beogh against you.
Beogh smites you!
* * * LOW HITPOINT WARNING * * *
Your body deteriorates!
You feel clumsy.
The orc priest invokes the aid of Beogh against you.
Beogh smites you!
You die...

##.$.....##
#.........#
+......<..+
#.........#
##.......##
#..######
#.##.$.##
#o#o8.8$#
#@oo.$$_#
###.8.8.#
#.$$## ####


You could see 2 orc priests and 2 orcs.

Vanquished Creatures
  Sigmund (D:2)
  2 adders (D:2)
  A worm (D:2)
  A dart slug (D:2)
  2 orcs
  3 endoplasms
  2 giant cockroaches
  2 goblins (D:2)
  5 hobgoblins
  3 quokkas
  7 ball pythons
  2 bats
  2 frilled lizards (D:1)
  6 kobolds (D:1)
  2 rats (D:2)
41 creatures vanquished.

Notes
Turn   | Place    | Note
-------+----------+-------------------------------------------
     0 | D:1      | ChiefBigBeans the Demonspawn Gladiator began the quest for
                  | the Orb.
     0 | D:1      | Reached XP level 1. HP: 16/16 MP: 1/1
   163 | D:1      | Gained mutation: You regenerate magic rapidly. [demonic
                  | ancestry]
   163 | D:1      | Reached XP level 2. HP: 22/22 MP: 2/2
   316 | D:1      | Found a faded altar of an unknown god.
   795 | D:2      | Reached skill level 1 in Armour
   912 | D:2      | Gained mutation: When hurt, damage is shared between your
                  | health and your magic reserves. [demonic ancestry]
   912 | D:2      | Reached XP level 3. HP: 28/28 MP: 3/3
  1339 | D:2      | Noticed Sigmund
  1347 | D:2      | Killed Sigmund
  1348 | D:2      | Reached XP level 4. HP: 25/35 MP: 2/4
  1348 | D:2      | Gained mutation: When low on magic, you restore magic in
                  | place of health. [demonic ancestry]
  1348 | D:2      | Reached XP level 5. HP: 29/41 MP: 2/5
  1363 | D:2      | Gained mutation: Your body sometimes deteriorates upon
                  | taking damage. [potion of mutation]
  1363 | D:2      | Gained mutation: You have very sharp teeth. [potion of
                  | mutation]
  1363 | D:2      | Gained mutation: You have a pair of small horns on your
                  | head. [potion of mutation]
  1363 | D:2      | Gained mutation: You are strong-willed. (Will+) [potion of
                  | mutation]
  1589 | D:2      | Found the amulet of the Four Winds {rN+ Will+++ Clar}
  1869 | D:3      | Killed from afar by an orc priest

Illustrated notes

Levels and vault maps discovered:
D:1:      heliophobic_arrival_glass_houses, layout_basic,
          chequers_ecumenical_altar_simple_redux, minmay_crystal_room,
          minmay_strange_pillars
D:2:      layout_loops_corners, kennysheep_generic_room_11, uniq_sigmund
D:3:      layout_loops_corners, serial_shops, shop, kennysheep_orc_chapel,
          uniq_jessica

Skill      XL: |  1  2  3 |
---------------+----------+-----
Polearms       | 3 |  3.8
Armour         | 1 2 |  2.3
Dodging        | 3 |  3.7
Fighting       | 3 |  3.4
Throwing       | |  1.7

Action                     |  1- 3 |  4- 6 || total
---------------------------+-------+-------++-------
  Melee: Trident           |   111 |       ||   111
         Punch             |     1 |       ||     1
         Halberd           |       |    29 ||    29
         Headbutt          |       |     4 ||     4
         Bite              |       |     3 ||     3
    Use: Potion            |       |     5 ||     5
         Scroll            |       |     2 ||     2
 Armour: Leather armour    |     7 |       ||     7
         Ring mail         |    26 |    11 ||    37
  Dodge: Dodged            |    60 |    28 ||    88
